 Dungeon Crawl Stone Soup version 0.27-a0-1177-g245c70e1c0 (webtiles) character file.

Game seed: 16066584656554729581

5246 Zonian the Destroyer (level 10, -9/70 (74) HPs)
             Began as a Gnoll Conjurer on May 16, 2021.
             Was a Priest of Okawaru.
             Mangled by a two-headed ogre
             ... wielding a +0 dire flail
              (17 damage)
             ... on level 9 of the Dungeon.
             The game lasted 00:24:19 (17082 turns).

Zonian the Destroyer (Gnoll Conjurer)              Turns: 17082, Time: 00:24:19

HP:   -9/70 (74)    AC: 10    Str:  8    XL:     10   Next: 62%
MP:   8/21          EV: 11    Int: 20    God:    Okawaru [***...]
Gold: 145           SH:  0    Dex: 10    Spells: 6/24 levels left

rFire    + . .     SeeInvis .   D - +7 rapier of Yredelemnul's Wrath {vorpal, Fragile rC+ rN+}
rCold    + . .     Faith    .   (no shield)
rNeg     + . .     Spirit   .   f - +1 ring mail
rPois    .         Reflect  .   (no helmet)
rElec    .         Harm     .   (no cloak)
rCorr    .         Rampage  .   j - +2 pair of gloves
Will     .....                  (no boots)
Stlth    +++.......             (no amulet)
HPRegen  0.21/turn              h - ring of protection from fire
MPRegen  0.17/turn              (no ring)

@: drained
A: fangs 1, strong nose, distributed training
a: Renounce Religion, Heroism


You were on level 9 of the Dungeon.
You worshipped Okawaru.
Okawaru was most pleased with you.
You visited 1 branch of the dungeon, and saw 9 of its levels.

You collected 352 gold pieces.
You spent 207 gold pieces at shops.

Inventory:

Hand Weapons
 b - a +0 hunting sling
 d - a +1 mace
 g - a +0 whip
 i - a +0 dagger
 k - a +0 hunting sling
 m - a +0 scythe
 q - a +0 quarterstaff
 t - a +4 morningstar
 u - a +4 long sword
 v - a +5 spear
 w - a +4 scimitar
 C - a +1 dagger of venom
 D - the +7 rapier of Yredelemnul's Wrath (weapon) {vorpal, Fragile rC+ rN+}
   (You bought it in a shop on level 6 of the Dungeon)

   It inflicts extra damage upon your enemies.
   It protects you from cold.
   It protects you from negative energy.
   It will be destroyed if unequipped.
 G - a +2 dagger of venom
Missiles
 e - 131 stones
 x - 36 sling bullets
 E - 27 poisoned darts
 H - a curare-tipped dart
Armour
 a - a +0 robe
 c - a +0 leather armour
 f - a +1 ring mail (worn)
 j - a +2 pair of gloves (worn)
Jewellery
 h - a ring of protection from fire (left hand)
Wands
 A - a wand of polymorph (9)
Scrolls
 p - 3 scrolls of teleportation
 y - a scroll of holy word
 F - a scroll of magic mapping
Potions
 l - 2 potions of berserk rage
 n - a potion of mutation
 o - a potion of magic
 r - a potion of degeneration {unknown}
 s - a potion of lignification {unknown}
 z - a potion of resistance {unknown}
 I - 2 potions of flight


   Skills:
 + Level 5.4 Fighting
 + Level 5.4 Short Blades
 + Level 5.4 Long Blades
 + Level 5.4 Axes
 + Level 5.4 Maces & Flails
 + Level 5.4 Polearms
 + Level 5.4 Staves
 + Level 5.4 Slings
 + Level 5.4 Bows
 + Level 5.4 Crossbows
 + Level 5.4 Throwing
 + Level 5.4 Armour
 + Level 7.2 Dodging
 + Level 6.9 Stealth
 + Level 5.4 Shields
 + Level 5.4 Unarmed Combat
 + Level 7.5 Spellcasting
 + Level 8.5 Conjurations
 + Level 4.5 Hexes
 + Level 4.5 Summonings
 + Level 4.5 Necromancy
 + Level 4.5 Translocations
 + Level 4.5 Transmutations
 + Level 4.5 Fire Magic
 + Level 4.5 Ice Magic
 + Level 4.5 Air Magic
 + Level 4.5 Earth Magic
 + Level 4.5 Poison Magic
 + Level 6.0 Invocations
 + Level 5.4 Evocations


You had 6 spell levels left.
You knew the following spells:

 Your Spells              Type           Power      Damage    Failure   Level
a - Magic Dart            Conj           100%       1d8       1%          1
b - Searing Ray           Conj           82%        3d6       1%          2
c - Blink                 Tloc           N/A        N/A       6%          2
d - Dazzling Flash        Conj/Hex       66%        N/A       4%          3
e - Mephitic Cloud        Conj/Pois/Air  30%        N/A       7%          3
f - Iskenderun's Mystic   Conj/Tloc      33%        2d8       17%         4
g - Stone Arrow           Conj/Erth      66%        3d11      4%          3

Your spell library contained the following spells:

 Spells                   Type           Power      Damage    Failure   Level
 Animate Skeleton         Necr           50%        N/A       3%          1
 Apportation              Tloc           50%        N/A       3%          1
 Corona                   Hex            27%        N/A       3%          1
 Sandblast                Erth           50%        2d12      3%          1
 Summon Small Mammal      Summ           100%       N/A       3%          1
 Conjure Flame            Conj/Fire      33%        6-21      4%          3
 Call Imp                 Summ           25%        N/A       6%          2
 Passwall                 Tmut/Erth      20%        N/A       6%          2
 Slow                     Hex            25%        N/A       6%          2
 Confusing Touch          Hex            25%        N/A       12%         3
 Gell's Gravitas          Tloc           12%        N/A       12%         3
 Fulminant Prism          Conj/Hex       16%        3d11      17%         4
 Petrify                  Tmut/Erth      25%        N/A       36%         4
 Lee's Rapid Deconstruct  Erth           12%        3d10*     71%         5
 Metabolic Englaciation   Hex/Ice        12%        N/A       71%         5
 Yara's Violent Unravell  Hex/Tmut       12%        3d7       71%         5


Dungeon Overview and Level Annotations

Branches:
Dungeon (9/15)             Temple (0/1) D:7
   Lair: D:8-11         Orc: D:9-12

Altars:
Dithmenos
Elyvilon
Fedhas
Okawaru
Ru
Uskayaw
Vehumet
Yredelemnul

Shops:
D:6 (

Annotations:
D:2 Terence


Innate Abilities, Weirdness & Mutations

You have very sharp teeth.
Your uncanny sense of smell can sniff out nearby items.
Your experience applies equally to all skills.


Message History

Aiming: Searing Ray (safe; 1% risk of failure)
Press: ? - help, Shift-Dir - straight line, f/p - two-headed ogre
Aim: a two-headed ogre, wielding a +0 dire flail and a +0 giant spiked club (moderately wounded, 91% to hit)
The searing ray hits the two-headed ogre.
The two-headed ogre is moderately wounded. (Press . to maintain the ray.)
The two-headed ogre hits you with a +0 dire flail!
The two-headed ogre hits you with a +0 giant spiked club!
The searing ray hits the two-headed ogre!
The two-headed ogre is heavily wounded.
Unknown command.
The searing ray misses the two-headed ogre.
The two-headed ogre barely misses you.
The two-headed ogre hits you but does no damage.
Unknown command.
The searing ray hits the two-headed ogre!
The two-headed ogre is heavily wounded.
You finish channeling your searing ray.
The two-headed ogre hits you with a +0 dire flail!!
The two-headed ogre hits you with a +0 giant spiked club!
Unknown command.
Casting: Searing Ray (safe; 1% risk of failure)
Confirm with . or Enter, or press ? or * to list all spells.
Aiming: Searing Ray (safe; 1% risk of failure)
Press: ? - help, Shift-Dir - straight line, f/p - two-headed ogre
Aim: a two-headed ogre, wielding a +0 dire flail and a +0 giant spiked club (heavily wounded, 91% to hit)
The searing ray hits the two-headed ogre!
The two-headed ogre is severely wounded. (Press . to maintain the ray.)
The two-headed ogre hits you with a +0 dire flail!
* * * LOW HITPOINT WARNING * * *
The two-headed ogre misses you.
Okay, then.
Okay, then.
The searing ray hits the two-headed ogre.
The two-headed ogre is almost dead.
The searing ray hits the two-headed ogre!
The two-headed ogre is almost dead.
The two-headed ogre hits you with a +0 dire flail!
You die...

.......# .......#
#####+## .......#
#......#
.......###......####
...o............+..#
................##.#
.o..>.o.## ##...##.#
.....)o..###...O@..#
...#+##...#[...[#..#
#. #o8?#.8..[#.<#
####.##o..#..)..#..#
....(....###.[.##..#
###..#..#####.###..#
#..#........<....#
#...........####.#
#)####......# ###


You could see a two-headed ogre.

Vanquished Creatures
  A two-headed ogre (D:8)
  A deep elf pyromancer (D:7)
  2 centaur zombies
  Sigmund (D:4)
  A wraith (D:6)
  4 yaks (D:8)
  2 water moccasins
  An ice beast (D:8)
  An orc warrior (D:8)
  2 black bears
  2 sky beasts
  An ogre (D:7)
  2 necrophages
  2 kobold brigands
  2 bullfrogs (D:6)
  A wyvern zombie (D:6)
  A scorpion (D:5)
  2 water moccasin zombies (D:7)
  17 wights
  A bullfrog zombie (D:5)
  A jelly (D:6)
  A bullfrog skeleton (D:5)
  5 orc priests
  A centaur skeleton (D:6)
  3 hounds
  2 iguanas
  Natasha (D:2)
  5 orc wizards
  A killer bee zombie (D:8)
  4 gnolls (D:3)
  2 howler monkey skeletons
  3 adders
  2 ufetubi (D:5)
  An adder skeleton (D:4)
  A worm (D:4)
  2 dart slugs
  24 orcs
  8 endoplasms
  3 giant cockroaches
  3 goblins
  5 hobgoblins
  3 jackals
  3 quokkas
  4 ball pythons
  7 bats
  A frilled lizard (D:2)
  15 kobolds
  2 rats (D:1)
160 creatures vanquished.

Vanquished Creatures (others)
  A plant (D:6)
1 creature vanquished.

Grand Total: 161 creatures vanquished

Notes
Turn   | Place    | Note
-------+----------+-------------------------------------------
     0 | D:1      | Zonian the Gnoll Conjurer began the quest for the Orb.
     0 | D:1      | Reached XP level 1. HP: 13/13 MP: 6/6
   285 | D:1      | Reached XP level 2. HP: 19/19 MP: 3/7
   979 | D:1      | Learned a level 2 spell: Searing Ray
  1214 | D:2      | Reached XP level 3. HP: 25/25 MP: 6/9
  1270 | D:2      | Reached skill level 5 in Spellcasting
  1856 | D:2      | Found a radiant altar of Vehumet.
  2031 | D:2      | Found a faded altar of an unknown god.
  2032 | D:2      | Noticed Terence
  2411 | D:2      | Reached skill level 1 in Invocations
  2975 | D:2      | Noticed Natasha
  2980 | D:2      | Killed Natasha
  2981 | D:2      | Reached skill level 1 in Fighting
  2981 | D:2      | Reached skill level 1 in Short Blades
  2981 | D:2      | Reached skill level 1 in Long Blades
  2981 | D:2      | Reached skill level 1 in Axes
  2981 | D:2      | Reached skill level 1 in Maces & Flails
  2981 | D:2      | Reached skill level 1 in Polearms
  2981 | D:2      | Reached skill level 1 in Staves
  2981 | D:2      | Reached skill level 1 in Slings
  2981 | D:2      | Reached skill level 1 in Bows
  2981 | D:2      | Reached skill level 1 in Crossbows
  2981 | D:2      | Reached skill level 1 in Throwing
  2981 | D:2      | Reached skill level 1 in Armour
  2981 | D:2      | Reached skill level 1 in Shields
  2981 | D:2      | Reached skill level 1 in Unarmed Combat
  2981 | D:2      | Reached skill level 1 in Evocations
  2981 | D:2      | Reached XP level 4. HP: 25/32 MP: 4/11
  3264 | D:3      | Reached skill level 1 in Hexes
  3264 | D:3      | Reached skill level 1 in Summonings
  3264 | D:3      | Reached skill level 1 in Necromancy
  3264 | D:3      | Reached skill level 1 in Translocations
  3264 | D:3      | Reached skill level 1 in Transmutations
  3264 | D:3      | Reached skill level 1 in Fire Magic
  3264 | D:3      | Reached skill level 1 in Ice Magic
  3264 | D:3      | Reached skill level 1 in Air Magic
  3264 | D:3      | Reached skill level 1 in Earth Magic
  3264 | D:3      | Reached skill level 1 in Poison Magic
  3772 | D:3      | Reached XP level 5. HP: 37/37 MP: 8/12
  4560 | D:4      | Noticed Sigmund
  5266 | D:4      | Noticed a black bear
  5271 | D:4      | Killed a black bear
  5272 | D:4      | Reached skill level 5 in Dodging
  5272 | D:4      | Reached XP level 6. HP: 42/44 MP: 8/14
  5475 | D:4      | Killed Sigmund
  5476 | D:4      | Reached XP level 7. HP: 50/50 MP: 9/15
  6268 | D:5      | Entered Level 5 of the Dungeon
  6673 | D:5      | Reached skill level 5 in Stealth
  7113 | D:5      | Reached XP level 8. HP: 56/57 MP: 11/16
  7758 | D:6      | Found a blossoming altar of Fedhas.
  7760 | D:6      | Found an iron altar of Okawaru.
  7765 | D:6      | Found a basalt altar of Yredelemnul.
  7773 | D:6      | Found Ruraimup's Antique Weapon Boutique.
  7920 | D:6      | Noticed a wraith
  7921 | D:6      | Became a worshipper of Warmaster Okawaru
  7935 | D:6      | Killed a wraith
  9295 | D:5      | Reached * piety under Okawaru
 10506 | D:6      | Reached XP level 9. HP: 65/65 MP: 13/18
 10781 | D:6      | Found a hide-covered altar of Uskayaw.
 10786 | D:6      | Found a shadowy altar of Dithmenos.
 10791 | D:6      | Found a white marble altar of Elyvilon.
 10905 | D:6      | Reached skill level 8 in Conjurations
 11572 | D:7      | Found a sacrificial altar of Ru.
 11604 | D:7      | Learned a level 2 spell: Blink
 11608 | D:7      | Learned a level 3 spell: Dazzling Flash
 11612 | D:7      | Learned a level 3 spell: Mephitic Cloud
 11617 | D:7      | Learned a level 4 spell: Iskenderun's Mystic Blast
 12226 | D:6      | Bought a shimmering rapier for 207 gold pieces
 12226 | D:6      | Identified the +7 rapier of Yredelemnul's Wrath {vorpal,
                  | Fragile rC+ rN+} (You bought it in a shop on level 6 of the
                  | Dungeon)
 12417 | D:7      | Reached ** piety under Okawaru
 12693 | D:7      | Noticed a deep elf pyromancer
 12705 | D:7      | Killed a deep elf pyromancer
 12706 | D:7      | Reached skill level 5 in Invocations
 13062 | D:7      | Found a radiant altar of Vehumet.
 13175 | D:7      | Found a staircase to the Ecumenical Temple.
 13187 | D:7      | Learned a level 3 spell: Stone Arrow
 13806 | D:8      | Reached XP level 10. HP: 69/72 MP: 12/20
 14210 | D:8      | Noticed a two-headed ogre
 14488 | D:8      | Reached *** piety under Okawaru
 14489 | D:8      | Reached skill level 5 in Fighting
 14489 | D:8      | Reached skill level 5 in Short Blades
 14489 | D:8      | Reached skill level 5 in Long Blades
 14489 | D:8      | Reached skill level 5 in Axes
 14489 | D:8      | Reached skill level 5 in Maces & Flails
 14489 | D:8      | Reached skill level 5 in Polearms
 14489 | D:8      | Reached skill level 5 in Staves
 14489 | D:8      | Reached skill level 5 in Slings
 14489 | D:8      | Reached skill level 5 in Bows
 14489 | D:8      | Reached skill level 5 in Crossbows
 14489 | D:8      | Reached skill level 5 in Throwing
 14489 | D:8      | Reached skill level 5 in Armour
 14489 | D:8      | Reached skill level 5 in Shields
 14489 | D:8      | Reached skill level 5 in Unarmed Combat
 14489 | D:8      | Reached skill level 5 in Evocations
 14713 | D:8      | Killed a two-headed ogre
 17069 | D:9      | Noticed a two-headed ogre
 17082 | D:9      | Mangled by a two-headed ogre

Illustrated notes

Levels and vault maps discovered:
D:1:      onia_arrival_pyramid, layout_rooms
D:2:      minmay_skewed_foursquare, layout_rooms,
          hellmonk_ecumenical_altar_zigzags, basic_altar, grunt_decor_fettered,
          grunt_decor_clamped, uniq_terence, uniq_natasha
D:3:      layout_basic, corexii_shack
D:4:      layout_rooms, uniq_sigmund
D:5:      layout_loops_cross
D:6:      layout_rooms, minmay_overflow_temple_star_quad,
          gammafunk_temple_overflow_forgotten, serial_shops, shop,
          kennysheep_small_spiral
D:7:      layout_gridville, lemuel_tele_altar, lemuel_doored_altar,
          minmay_temple_entry_offerings, skrybe_limestone_x,
          guppyfry_early_elven_hall
D:8:      layout_basic
D:9:      layout_basic, nicolae_tso_carved_into_rock, dpeg_lair_monsters,
          david_orc_3, mrwooster_statue_mirror

Skill      XL: |  1  2  3  4  5  6  7  8  9 10 |
---------------+-------------------------------+-----
Spellcasting   | 5 6 7 |  7.5
Invocations    | 1 2 3 4 5 6 |  6.0
Fighting       | 1 2 3 4 5 |  5.4
Short Blades   | 1 2 3 4 5 |  5.4
Long Blades    | 1 2 3 4 5 |  5.4
Axes           | 1 2 3 4 5 |  5.4
Maces & Flails | 1 2 3 4 5 |  5.4
Polearms       | 1 2 3 4 5 |  5.4
Staves         | 1 2 3 4 5 |  5.4
Slings         | 1 2 3 4 5 |  5.4
Bows           | 1 2 3 4 5 |  5.4
Crossbows      | 1 2 3 4 5 |  5.4
Throwing       | 1 2 3 4 5 |  5.4
Armour         | 1 2 3 4 5 |  5.4
Shields        | 1 2 3 4 5 |  5.4
Unarmed Combat | 1 2 3 4 5 |  5.4
Evocations     | 1 2 3 4 5 |  5.4
Hexes          | 1 2 3 4 |  4.5
Summonings     | 1 2 3 4 |  4.5
Necromancy     | 1 2 3 4 |  4.5
Translocations | 1 2 3 4 |  4.5
Transmutations | 1 2 3 4 |  4.5
Fire Magic     | 1 2 3 4 |  4.5
Ice Magic      | 1 2 3 4 |  4.5
Air Magic      | 1 2 3 4 |  4.5
Earth Magic    | 1 2 3 4 |  4.5
Poison Magic   | 1 2 3 4 |  4.5
Dodging        | 5 6 7 |  7.2
Stealth        | 5 6 |  6.9
Conjurations   | 8 |  8.5

Action                   |  1- 3 |  4- 6 |  7- 9 | 10-12 || total
-------------------------+-------+-------+-------+-------++-------
Melee: Mace              |     1 |     2 |    33 |       ||    36
       Quarterstaff      |       |       |     2 |       ||     2
       Bite              |       |       |     4 |     3 ||     7
       Spear             |       |       |    28 |       ||    28
       Morningstar       |       |       |     3 |       ||     3
       Rapier            |       |       |    16 |    39 ||    55
Throw: Dart              |       |       |       |     5 ||     5
 Cast: Magic Dart        |    71 |    76 |   214 |    44 ||   405
       Searing Ray       |     1 |     2 |    22 |    14 ||    39
Invok: Heroism           |       |       |       |     1 ||     1
  Use: Scroll            |     2 |     2 |     9 |     4 ||    17
       Potion            |       |     1 |     1 |       ||     2
Armor: Leather armour    |     2 |     4 |    52 |       ||    58
       Ring mail         |       |       |     2 |    28 ||    30
Dodge: Dodged            |     6 |     7 |   125 |    41 ||   179

Table legend: (Time is in decaauts)
 A = Elapsed time spent in this place.
 B = Non-inter-level travel time spent in this place.
 C = Inter-level travel time spent in this place.
 D = Time resting spent in this place.
 E = Time spent auto-exploring this place.
 F = Levels seen in this place.
 G = Mean time per level.
                   A        B        C        D        E       F      G
               +--------+--------+--------+--------+--------+-----+--------+
         Total |  17104 |  16509 |    595 |  11088 |   3334 |   9 | 1900.4 |
       Dungeon |  17104 |  16509 |    595 |  11088 |   3334 |   9 | 1900.4 |
               +--------+--------+--------+--------+--------+-----+--------+

Top non-repeatable levels by time:
     D:5: 2870 daAuts
     D:8: 2815 daAuts
     D:6: 2418 daAuts
     D:2: 2249 daAuts
     D:7: 2201 daAuts
     D:3: 1850 daAuts
     D:1: 1143 daAuts
     D:4: 1031 daAuts
     D:9: 524 daAuts
